 Dungeon Crawl Stone Soup version 0.29-a0-194-g6e3aafee17 (webtiles) character file.

Game seed: 18243683990525058897

3714 Zeldest the Blocker (level 10, -1/80 HPs)
             Began as a Formicid Fighter on Feb 22, 2022.
             Was a Priest of Okawaru.
             Slain by an orc warlord
             ... wielding a +0 battleaxe
              (25 damage)
             ... in a bailey.
             The game lasted 00:12:40 (8661 turns).

Zeldest the Blocker (Formicid Fighter)              Turns: 8661, Time: 00:12:40

Health: -1/80      AC: 17    Str: 22 (25) XL:     10   Next: 36%
Magic:  12/14      EV:  9    Int:  6 (8)  God:    Okawaru [***...]
Gold:   366        SH:  7    Dex:  8 (10) Spells: 9/9 levels left

rFire   . . .      SeeInvis +   g - +1 spear (vorpal)
rCold   . . .      Faith    .   c - +0 buckler
rNeg    . . .      Spirit   .   n - +0 chain mail
rPois   .          Reflect  .   (helmet unavailable)
rElec   .          Harm     .   (no cloak)
rCorr   +          Rampage  .   j - +1 pair of gloves
Will    +....                   e - +0 pair of boots
Stlth   ..........              (no amulet)
HPRegen 0.23/turn               s - ring of resist corrosion
MPRegen 0.14/turn               (no ring)

@: mighty, heroic
A: permanent stasis, dig shafts and tunnels, antennae 3, four strong arms
a: Dig, Renounce Religion, Heroism


You were in a bailey.
You worshipped Okawaru.
Okawaru was most pleased with you.
You visited 2 branches of the dungeon, and saw 8 of its levels.
You also visited: Sewer and Bailey.

You collected 366 gold pieces.

Inventory:

Hand Weapons
 g - a +1 vorpal spear (weapon)
Missiles
 A - 2 throwing nets
Armour
 b - a +0 scale mail
 c - a +0 buckler (worn)
 e - a +0 pair of boots (worn)
 j - a +1 pair of gloves (worn)
 n - a +0 chain mail (worn)
Jewellery
 r - a ring of flight
 s - a ring of resist corrosion (left hand)
Wands
 C - a wand of digging (5)
Scrolls
 a - 3 scrolls of fog {unknown}
 h - a scroll of noise {unknown}
 k - a scroll of immolation {unknown}
 q - a scroll of fear {unknown}
 y - 2 scrolls of teleportation {unknown}
 z - 3 scrolls of enchant armour {unknown}
Potions
 d - 2 potions of might
 f - a potion of lignification {unknown}
 l - a potion of brilliance
 m - 4 potions of curing
 o - a potion of flight {unknown}
 p - a potion of attraction
 t - a potion of magic {unknown}
 x - a potion of degeneration
 D - a potion of mutation {unknown}


   Skills:
 + Level 8.1(13.1) Fighting
 + Level 7.0(12.0) Polearms
 + Level 8.2(13.2) Armour
 + Level 8.8(13.8) Shields
 + Level 5.3 Invocations


You had 9 spell levels left.
You didn't know any spells.
Your spell library contained the following spells:

 Spells                   Type           Power      Damage    Failure   Level
 Dazzling Flash           Conj/Hex       0%         N/A       100%        3
 Portal Projectile        Hex/Tloc       0%         N/A       100%        3
 Agony                    Necr           0%         N/A       100%        5
 Blade Hands              Tmut           0%         N/A       100%        5
 Excruciating Wounds      Necr           0%         N/A       100%        5
 Silence                  Hex/Air        0%         N/A       100%        5
 Animate Dead             Necr           Unusable   N/A       N/A         4
 Haunt                    Necr/Summ      Unusable   N/A       N/A         7
 Infestation              Necr           Unusable   N/A       N/A         8

Dungeon Overview and Level Annotations

Branches:
Dungeon (7/15)             Temple (1/1) D:5           Sewer (visited)
 Bailey (1/1)

Altars:
Cheibriados
Dithmenos
Elyvilon
Fedhas
Gozag
Kikubaaqudgha
Makhleb
Nemelex Xobeh
Okawaru
Qazlal
Ru
Sif Muna
Trog
Uskayaw
Vehumet
Xom
Yredelemnul
Zin
The Shining One


Innate Abilities, Weirdness & Mutations

You cannot be hasted, slowed, berserked, paralysed or teleported.
You can dig through walls and to a lower floor.
You have a pair of large antennae on your head. (SInv)
Your four strong arms can wield two-handed weapons with a shield.


Message History

* * * LOW HITPOINT WARNING * * *
You feel much better. You block the orc warrior's attack.
You puncture the orc warrior!
The orc warrior is heavily wounded.
You puncture the orc warrior!
You kill the orc warrior!
Okawaru accepts your kill.
Your base Polearms skill increases to level 7!
An orc warlord comes into view.
It is wielding a +0 battleaxe and wearing a +1 plate armour of poison resistance.
The orc warlord shouts!
The orc warlord unwields a +0 battleaxe.
The orc warlord wields a +0 arbalest.
The orc warlord shoots a bolt.
The bolt barely misses you.
Items here: $ )))))) [[[[[[ ††.
You close the door.
You feel much better.
You feel like a meek peon again.
You gain the combat prowess of a mighty hero.
It was a potion of degeneration.
There was something very wrong with that liquid.
You feel weakened.
You feel dopey.
You feel clumsy.
It was a potion of haste.
Your stasis prevents you from being hasted.
Okay, then.
Okay, then.
Okay, then.
You hit the orc warlord but do no damage.
The orc warlord no longer looks unusually strong.
The orc warlord unwields a +0 arbalest.
The orc warlord wields a +0 battleaxe.
The orc warlord hits you with a +0 battleaxe!!
* * * LOW HITPOINT WARNING * * *
You hit the orc warlord.
The orc warlord is lightly wounded.
You puncture the orc warlord!
The orc warlord is moderately wounded.
Okay, then.
You puncture the orc warlord!
The orc warlord is moderately wounded.
The orc warlord hits you with a +0 battleaxe!!
You die...

##'####
##.....## {{
#.......#
##.......##
#.........#
##....)....##
#.....⌠.....#
##.........##
#.......)@#
##......o##
#.......+......
##.....##......
####### ....⌠.
..o.. .....
.... ....


You could see an orc warlord.

Vanquished Creatures
  2 orc knights (Bailey)
  Grinder (D:5)
  Eustachio (D:6)
  A steam dragon (D:6)
  6 orc warriors (Bailey)
  Duvessa (D:5)
  An ice beast (D:6)
  3 necrophages
  An ogre (D:7)
  2 centaurs
  2 scorpions (D:5)
  A bullfrog (Sewer)
  2 wyvern skeletons
  Dowan (D:5)
  A water moccasin skeleton (D:6)
  4 wights (D:6)
  3 hounds
  A jelly (D:5)
  2 bullfrog skeletons (D:4)
  3 orc priests (D:6)
  A centaur skeleton (D:6)
  Jessica (D:2)
  2 iguanas
  Natasha (D:3)
  A killer bee zombie (D:4)
  A howler monkey zombie (D:6)
  7 adders
  4 gnolls
  A white imp (D:6)
  An adder zombie (D:5)
  An adder skeleton (D:4)
  3 worms
  10 orcs
  10 ball pythons
  15 endoplasms
  15 giant cockroaches
  12 goblins
  14 hobgoblins
  10 jackals
  12 quokkas
  6 bats
  4 frilled lizards (Sewer)
  A goblin skeleton (D:6)
  A goblin zombie (D:6)
  2 hobgoblin zombies (D:6)
  3 kobolds
  2 kobold skeletons (D:6)
  2 orc skeletons (D:6)
  10 rats
192 creatures vanquished.

Notes
Turn   | Place    | Note
-------+----------+-------------------------------------------
     0 | D:1      | Zeldest the Formicid Fighter began the quest for the Orb.
     0 | D:1      | Reached XP level 1. HP: 18/18 MP: 1/1
   322 | D:1      | Reached XP level 2. HP: 24/24 MP: 2/2
   335 | D:1      | Found a faded altar of an unknown god.
   615 | D:1      | Reached XP level 3. HP: 21/29 MP: 3/3
  1279 | D:2      | Reached XP level 4. HP: 37/37 MP: 4/4
  1679 | D:2      | Noticed Jessica
  1688 | D:2      | Killed Jessica
  1689 | D:2      | Reached XP level 5. HP: 39/42 MP: 5/5
  2225 | D:3      | Noticed Natasha
  2231 | D:3      | Killed Natasha
  2408 | D:3      | Found a blossoming altar of Fedhas.
  2473 | D:3      | Found a glowing drain.
  2477 | Sewer    | Entered a sewer
  2683 | Sewer    | Reached XP level 6. HP: 38/49 MP: 6/6
  2885 | Sewer    | Reached skill level 5 in Shields
  3741 | D:4      | Noticed a necrophage
  3750 | D:4      | Killed a necrophage
  3751 | D:4      | Reached skill level 5 in Fighting
  3751 | D:4      | Reached skill level 5 in Armour
  3751 | D:4      | Reached XP level 7. HP: 56/56 MP: 7/7
  4130 | D:5      | Entered Level 5 of the Dungeon
  4242 | D:5      | Noticed Grinder
  4260 | D:5      | Killed Grinder
  4261 | D:5      | Reached XP level 8. HP: 61/64 MP: 8/8
  4365 | D:5      | Found a bloodstained altar of Trog.
  4715 | D:5      | Noticed Dowan
  4715 | D:5      | Noticed Duvessa
  4748 | D:5      | Killed Duvessa
  4753 | D:5      | Killed Dowan
  5032 | D:5      | Reached skill level 5 in Polearms
  5070 | D:5      | Found a staircase to the Ecumenical Temple.
  5084 | Temple   | Entered the Ecumenical Temple
  5149 | Temple   | Became a worshipper of Warmaster Okawaru
  5226 | D:5      | Reached skill level 1 in Invocations
  5849 | D:6      | Reached XP level 9. HP: 55/71 MP: 8/10
  6415 | D:6      | Found a glowing golden altar of the Shining One.
  6463 | D:6      | Reached * piety under Okawaru
  6776 | D:6      | Noticed Eustachio
  6798 | D:6      | Killed Eustachio
  7190 | D:6      | Found a glowing silver altar of Zin.
  7259 | D:6      | Found an opulent altar of Gozag.
  7658 | D:7      | Found a flagged portal.
  7671 | Bailey   | Entered a bailey
  8369 | Bailey   | Noticed an orc knight
  8376 | Bailey   | Reached ** piety under Okawaru
  8388 | Bailey   | Killed an orc knight
  8389 | Bailey   | Reached XP level 10. HP: 44/80 MP: 13/13
  8611 | Bailey   | Noticed an orc knight
  8637 | Bailey   | Killed an orc knight
  8637 | Bailey   | Reached *** piety under Okawaru
  8638 | Bailey   | Reached skill level 5 in Invocations
  8651 | Bailey   | Noticed an orc warlord
  8661 | Bailey   | Slain by an orc warlord

Illustrated notes

Levels and vault maps discovered:
D:1:      eino_arrival_cavern_a, layout_basic,
          shapermc_ecumenical_altar_mp_ritualfount, serial_forest,
          infiniplex_forest_clump_cross, infiniplex_forest_clump_cross,
          infiniplex_forest_lined_ring, infiniplex_forest_straight_3
D:2:      layout_basic, uniq_jessica
D:3:      layout_basic, nicolae_overflow_crystal_walls, gup_sewer_entry_bowl,
          minmay_liquid_box, wad_rectangle_vault, uniq_natasha
D:4:      layout_basic
D:5:      layout_basic, trog_butcher_becter, minmay_temple_entry_crystal_x,
          uniq_grinder, uniq_duvessa
D:6:      layout_basic, pdpol_temple_overflow_zin_treasury_gozag_greed,
          nicolae_tso_besieged_by_evil, minmay_misc_feat_iff, uniq_eustachio
D:7:      layout_cave_pools, enter_bailey_4
Temple:   zaba_magenta_temple
Bailey:   bailey_axe_minmay_hex_keep, bailey

Skill      XL: |  1  2  3  4  5  6  7  8  9 10 |
---------------+-------------------------------+-----
Shields        | 4 5 6 7 8 |  8.8
Armour         | 4 5 6 7 8 |  8.2
Fighting       | 4 5 6 7 8 |  8.1
Polearms       | 3 4 5 6 7 |  7.0
Invocations    | 1 4 5 |  5.3

Action                   |  1- 3 |  4- 6 |  7- 9 | 10-12 || total
-------------------------+-------+-------+-------+-------++-------
Melee: Trident           |    88 |       |       |       ||    88
       Spear             |     3 |   282 |   427 |    62 ||   774
Invok: Heroism           |       |       |       |     2 ||     2
 Abil: Dig               |       |     1 |     4 |       ||     5
Evoke: Wand              |       |       |    16 |     3 ||    19
  Use: Scroll            |       |     4 |     2 |       ||     6
       Potion            |       |       |       |     5 ||     5
Armor: Scale mail        |    27 |    17 |       |       ||    44
       Chain mail        |       |   106 |   158 |     4 ||   268
Dodge: Dodged            |    35 |    92 |    98 |     9 ||   234
Block: Buckler           |    16 |    66 |    78 |    10 ||   170

Table legend: (Time is in decaauts)
 A = Elapsed time spent in this place.
 B = Non-inter-level travel time spent in this place.
 C = Inter-level travel time spent in this place.
 D = Time resting spent in this place.
 E = Time spent auto-exploring this place.
 F = Levels seen in this place.
 G = Mean time per level.
                   A        B        C        D        E       F      G
               +--------+--------+--------+--------+--------+-----+--------+
         Total |   8662 |   8150 |    512 |   3295 |   2845 |  10 |  866.2 |
       Dungeon |   7134 |   6635 |    499 |   2542 |   2767 |   7 | 1019.1 |
        Temple |     78 |     65 |     13 |      0 |     50 |   1 |   78.0 |
         Sewer |    495 |    495 |      0 |    124 |     27 |   1 |  495.0 |
        Bailey |    953 |    953 |      0 |    629 |      0 |   1 |  953.0 |
               +--------+--------+--------+--------+--------+-----+--------+

Top non-repeatable levels by time:
     D:6: 1728 daAuts
     D:5: 1503 daAuts
     D:1: 1180 daAuts
     D:2: 980 daAuts
  Bailey: 953 daAuts
     D:3: 919 daAuts
     D:4: 694 daAuts
   Sewer: 495 daAuts
     D:7: 128 daAuts
  Temple: 78 daAuts
